 Dungeon Crawl Stone Soup version 0.24-a0-408-gcc1054c (webtiles) character file.

Game seed: 14911286295413817101

24255 Darkshadow the Bludgeoner (level 12, -3/113 HPs)
             Began as a Minotaur Berserker on June 5, 2019.
             Was a High Priest of Trog.
             Slain by a minotaur
             ... wielding a +6 trident of distortion
              (25 damage)
             ... in a Gauntlet.
             The game lasted 00:31:52 (15903 turns).

Darkshadow the Bludgeoner (Minotaur Berserker)     Turns: 15903, Time: 00:31:52

Health: -3/113     AC: 20    Str: 31 (33) XL:     12   Next: 79%
Magic:  0/11       EV:  8    Int:  3 (4)  God:    Trog [*****.]
Gold:   831        SH: 12    Dex: 11 (12) Spells: 11/11 levels left

rFire    . . .     SeeInvis .   o - +0 morningstar
rCold    . . .     Gourm    .   K - +0 shield of Fanaticism {+Blink Str+3} (curse)
rNeg     . . .     Faith    .   n - +0 plate armour
rPois    .         Spirit   +   (helmet restricted)
rElec    .         Reflect  .   z - +2 cloak
rCorr    .         Harm     .   (no gloves)
MR       +++..     NoTele   +   k - +0 pair of boots
Stlth    ..........             H - amulet of guardian spirit
HPRegen  1.28/turn              y - ring of protection from magic
MPRegen  0.12/turn              Q - ring of flight

@: mighty, berserk cooldown, starving, regenerating
A: retaliatory headbutt, horns 2, [deterioration 2], [screaming 2]
a: Berserk, Trog's Hand, Brothers in Arms, Renounce Religion, Evoke Blink, Evoke
Flight


You were in a Gauntlet.
You worshipped Trog.
Trog was extremely pleased with you.
You were starving.

You visited 2 branches of the dungeon, and saw 15 of its levels.
You also visited: Sewer and Gauntlet.

You collected 831 gold pieces.

Inventory:

Hand Weapons
 a - a +0 mace
 o - a +0 morningstar (weapon)
Armour
 b - a +0 animal skin
 k - a +0 pair of boots (worn)
 n - a +0 plate armour (worn)
 t - a +0 cloak
 w - a +0 troll leather armour
 z - a +2 cloak (worn)
 K - the cursed +0 shield of Fanaticism (worn) {+Blink Str+3}
   (You found it on level 1 of the Lair of Beasts)

   It affects your strength (+3).
   It lets you blink.
   It has a curse placed upon it.
 U - a +0 pair of gloves of strength
Jewellery
 y - a ring of protection from magic (left hand)
 G - an uncursed ring of ice
 H - an amulet of guardian spirit (around neck)
 L - a +4 ring of intelligence
 N - an uncursed ring of wizardry
 Q - a ring of flight (right hand)
 T - a +4 ring of intelligence
Wands
 u - a wand of acid (13)
 A - a wand of paralysis (30)
 E - a wand of flame (8)
 F - a wand of random effects (34)
 M - a wand of disintegration (15)
 O - a wand of polymorph (10)
Scrolls
 d - 11 scrolls of remove curse {@r2}
 e - 9 scrolls of teleportation
 f - 6 scrolls of identify {@r1}
 h - 7 scrolls of enchant armour
 i - a scroll of fear {unknown}
 l - a scroll of random uselessness
 q - a scroll of fog
 s - 5 scrolls of amnesia
 v - a scroll of immolation {unknown}
 x - a scroll of enchant weapon {unknown}
 P - a scroll of noise {unknown}
 S - a scroll of blinking {unknown}
Potions
 g - 6 potions of mutation
 m - 3 potions of brilliance
 p - 4 potions of curing {@q1}
 r - 4 potions of flight
 B - 2 potions of resistance
 C - 3 potions of heal wounds
 D - 2 potions of haste
 I - a potion of berserk rage
 J - a potion of agility
 R - 2 potions of ambrosia
Comestibles
 c - 17 rations


   Skills:
 + Level 12.6 Fighting
 * Level 16.7 Maces & Flails
 + Level 12.4 Armour
 - Level 3.2 Dodging
 * Level 7.6 Shields


You had 11 spell levels left.
You didn't know any spells.
Your spell library was empty.

Dungeon Overview and Level Annotations

Branches:
Dungeon (10/15)            Temple (0/1) D:5            Lair (5/6) D:9
 Shoals (0/4) Lair:4        Snake (0/4) Lair:2        Slime (0/5) Lair:5
    Orc (0/2) D:10

Altars:
Cheibriados
Dithmenos
Elyvilon
Fedhas
Gozag
Hepliaklqana
Makhleb
Uskayaw
Vehumet
Wu Jian
Beogh

Shops:
D:10 (

Annotations:
D:3 2 runed translucent doors, bonscott's ghost, amateur TeHu
D:10 3 runed translucent doors, mystoof's ghost, journeyman GnWn
Lair:2 1 runed translucent door, Jiecira's ghost, journeyman TrCK Gauntlet 6 transporters


Innate Abilities, Weirdness & Mutations

You reflexively headbutt those who attack you in melee.
You have a pair of horns on your head.
[Your body often deteriorates upon taking damage.]
[You sometimes yell uncontrollably at your foes.]


Message History

The minotaur blocks your ogre's attack.
The minotaur throws a silver javelin.
The silver javelin completely misses you.
The minotaur blocks your ogre's attack.
Okay, then.
Okay, then.
You feel very mighty all of a sudden.
The minotaur throws a silver javelin.
The silver javelin pierces through you!
* * * LOW HITPOINT WARNING * * *
Your body deteriorates!
You feel clumsy. The silver sears you!
* * * LOW HITPOINT WARNING * * *
The minotaur blocks your ogre's attack.
Your ogre barely misses the minotaur.
The minotaur hits you from afar with a +6 trident of distortion.
* * * LOW HITPOINT WARNING * * *
Space bends around you.
* * * LOW HITPOINT WARNING * * *
Your ogre barely misses the minotaur.
The minotaur hits you with a +6 trident of distortion!!
You die...

§.##.))©.[3##..#..(©...#..##
..###########..#########..§#
..............∩...........##
..........................§#
#≈#≈#§#≈#§########§#≈#≈#≈###
###########.©(.©.#########
###......#####
.............(#
.........@O...#
.#.#######H#.## #. #.O.(#.#
#H##.# # .. .... ## #..#.#
#..#.# #... # #.8#


You could see a minotaur and a friendly ogre (berserk).

Vanquished Creatures
  Fannar (D:10)
  2 two-headed ogres
  A wretched star (Gauntlet)
  Pikel (D:5)
  2 slime creatures (Gauntlet)
  4 black mambas
  A gargoyle (D:10)
  A smoke demon (Gauntlet)
  8 spiny frogs
  4 komodo dragons
  4 merfolk (Lair:4)
  2 trolls (D:10)
  6 dream sheep (Lair:4)
  2 hippogriffs
  2 wyverns
  18 yaks
  A neqoxec (Gauntlet)
  A basilisk (Lair:4)
  A steam dragon (D:7)
  3 hungry ghosts
  4 water moccasins
  5 porcupines
  A small abomination (Gauntlet)
  8 orc warriors
  4 slaves (D:5)
  6 sky beasts
  A black bear (D:10)
  2 phantoms
  2 ogres
  3 wolves (Lair:2)
  3 centaurs
  16 crocodiles
  A gnoll sergeant (D:9)
  4 bullfrogs (D:6)
  5 scorpions
  45 killer bees (D:8)
  3 wights (D:8)
  An electric eel (D:10)
  7 crimson imps
  A bullfrog zombie (D:9)
  A bullfrog skeleton (D:6)
  6 jellies
  8 orc priests
  A centaur skeleton (D:9)
  3 hounds
  9 orc wizards
  A gnoll shaman (D:6)
  5 iguanas
  5 worker ants
  A hound zombie (D:8)
  8 gnolls
  10 adders
  2 river rats (D:6)
  2 shadow imps
  3 oozes
  2 adder skeletons
  3 worms (D:6)
  4 dart slugs
  8 leopard geckos
  50 orcs
  16 bats
  7 giant cockroaches
  6 goblins
  6 hobgoblins
  3 jackals (D:2)
  5 kobolds
  3 quokkas
  3 ball pythons (D:3)
  2 frilled lizards
  A jackal zombie (D:6)
  A leopard gecko skeleton (D:5)
  7 rats
379 creatures vanquished.

Vanquished Creatures (collateral kills)
  A vampire (D:10)
  4 yaks (D:10)
  3 orc warriors
  An orc wizard (D:10)
  7 orcs (D:10)
16 creatures vanquished.

Vanquished Creatures (others)
  5 fungi
  12 plants
17 creatures vanquished.

Grand Total: 412 creatures vanquished

Notes
Turn   | Place    | Note
-------+----------+-------------------------------------------
     0 | D:1      | Darkshadow the Minotaur Berserker began the quest for the
                  | Orb.
     0 | D:1      | Reached XP level 1. HP: 19/19 MP: 0/0
    70 | D:1      | Reached XP level 2. HP: 23/27 MP: 1/1
   295 | D:1      | Reached skill level 4 in Maces & Flails
   693 | D:2      | Reached XP level 3. HP: 33/33 MP: 2/2
   800 | D:2      | Reached ** piety under Trog
  1157 | D:2      | Reached XP level 4. HP: 36/40 MP: 3/3
  1381 | D:3      | Found a runed translucent door.
  1381 | D:3      | Noticed bonscott's ghost (amateur TeHu)
  1381 | D:3      | Noticed a bullfrog
  1620 | D:3      | Found a runed translucent door.
  2056 | D:3      | Reached skill level 5 in Maces & Flails
  2160 | D:3      | Found a radiant altar of Vehumet.
  2241 | D:3      | Reached XP level 5. HP: 41/47 MP: 4/4
  2352 | D:3      | Found a blossoming altar of Fedhas.
  2642 | D:4      | Found an opulent altar of Gozag.
  2653 | D:4      | Reached *** piety under Trog
  2717 | D:4      | Reached XP level 6. HP: 53/55 MP: 5/5
  2735 | D:4      | Reached skill level 5 in Fighting
  2735 | D:4      | Reached skill level 6 in Maces & Flails
  2961 | D:4      | Found a hazy altar of Hepliaklqana.
  3069 | D:5      | Entered Level 5 of the Dungeon
  3088 | D:5      | Found a staircase to the Ecumenical Temple.
  3388 | D:5      | Noticed Pikel
  3388 | D:5      | Noticed a slave
  3389 | D:5      | Noticed a slave
  3389 | D:5      | Noticed a slave
  3390 | D:5      | Noticed a slave
  3405 | D:5      | Killed a slave
  3409 | D:5      | Killed a slave
  3413 | D:5      | Killed a slave
  3418 | D:5      | Killed a slave
  3418 | D:5      | Killed Pikel
  3418 | D:5      | Reached skill level 7 in Maces & Flails
  3418 | D:5      | Reached skill level 5 in Armour
  3418 | D:5      | Reached XP level 7. HP: 60/63 MP: 6/6
  3630 | D:6      | Reached skill level 8 in Maces & Flails
  3719 | D:6      | Found a glowing drain.
  3726 | Sewer    | Entered a sewer
  3844 | D:6      | Reached XP level 8. HP: 71/71 MP: 7/7
  3940 | D:6      | Reached skill level 9 in Maces & Flails
  4219 | D:6      | Reached **** piety under Trog
  4329 | D:6      | Found a snail-covered altar of Cheibriados.
  4373 | D:6      | Found a snail-covered altar of Cheibriados.
  4742 | D:7      | Reached skill level 10 in Maces & Flails
  4796 | D:7      | Reached XP level 9. HP: 51/81 MP: 8/8
  5073 | D:7      | Found a burning altar of Makhleb.
  5356 | D:7      | Found a hide-covered altar of Uskayaw.
  5687 | D:8      | Reached skill level 11 in Maces & Flails
  5698 | D:8      | Found a shadowy altar of Dithmenos.
  6333 | D:8      | Reached skill level 12 in Maces & Flails
  6367 | D:8      | Found a roughly hewn altar of Beogh.
  6392 | D:8      | Reached ***** piety under Trog
  6469 | D:8      | Reached XP level 10. HP: 72/91 MP: 7/9
  7049 | D:8      | HP: 4/92 [sky beast (6)]
  7518 | D:8      | Reached skill level 13 in Maces & Flails
  7604 | D:8      | Reached skill level 10 in Fighting
  8143 | D:9      | Found a staircase to the Lair.
  8160 | D:9      | Received a gift from Trog
  8195 | D:9      | Noticed a two-headed ogre
  8208 | D:9      | Killed a two-headed ogre
  8208 | D:9      | Reached skill level 10 in Armour
  8789 | D:9      | Found an ornate altar of the Wu Jian Council.
  8789 | D:9      | Found a white marble altar of Elyvilon.
  8790 | D:9      | Found a blossoming altar of Fedhas.
  8800 | D:9      | Found a shadowy altar of Dithmenos.
  8861 | D:9      | Reached skill level 14 in Maces & Flails
  8863 | D:9      | Reached XP level 11. HP: 101/101 MP: 8/10
  9244 | D:10     | Entered Level 10 of the Dungeon
  9341 | D:10     | Found a staircase to the Orcish Mines.
  9402 | D:10     | Noticed Fannar
  9418 | D:10     | Killed Fannar
  9531 | D:10     | Noticed a two-headed ogre
  9539 | D:10     | Killed a two-headed ogre
  9908 | D:10     | Found a runed translucent gate.
  9908 | D:10     | Found a runed translucent gate.
  9909 | D:10     | Found a runed translucent gate.
  9911 | D:10     | Noticed mystoof's ghost (journeyman GnWn)
  9911 | D:10     | Noticed a 12-headed hydra
  9912 | D:10     | Noticed a 12-headed hydra
 10133 | D:10     | Reached skill level 15 in Maces & Flails
 10158 | D:10     | Found Umups's Antique Weapon Shop.
 10448 | Lair:1   | Entered Level 1 of the Lair of Beasts
 10903 | Lair:1   | Got an ancient shield
 10909 | Lair:1   | Identified the cursed +0 shield of Fanaticism {+Blink
                  | Str+3} (You found it on level 1 of the Lair of Beasts)
 10934 | Lair:1   | Reached skill level 1 in Shields
 11752 | Lair:2   | Reached XP level 12. HP: 112/112 MP: 11/11
 11755 | Lair:2   | Found a staircase to the Snake Pit.
 12020 | Lair:2   | Found a runed translucent door.
 12021 | Lair:2   | Noticed Jiecira's ghost (journeyman TrCK)
 12222 | Lair:2   | Identified the +6 spear "Ekusiur" {freeze, Str+3 Dex+2}
 13269 | Lair:3   | Reached skill level 16 in Maces & Flails
 13269 | Lair:3   | Reached skill level 5 in Shields
 13878 | Lair:4   | Received a gift from Trog
 14092 | Lair:4   | Found a staircase to the Shoals.
 14983 | Lair:5   | Found a gate leading to a gauntlet.
 14997 | Gauntlet | Entered a Gauntlet
 14997 | Gauntlet | Found a transporter.
 14997 | Gauntlet | Found a transporter.
 14997 | Gauntlet | Found a transporter.
 15236 | Gauntlet | Found a transporter.
 15246 | Gauntlet | Found a transporter.
 15250 | Gauntlet | Found a transporter.
 15257 | Gauntlet | Found a transporter.
 15260 | Gauntlet | Found a transporter.
 15271 | Gauntlet | Found a transporter.
 15286 | Gauntlet | Found a transporter.
 15292 | Gauntlet | Found a transporter.
 15294 | Gauntlet | Found a transporter.
 15888 | Gauntlet | Noticed a minotaur
 15903 | Gauntlet | Slain by a minotaur

Levels and vault maps discovered:
D:1:      minmay_arrival_wavy_path, layout_basic, amethyst_killhole
D:2:      layout_basic, first_ration, minmay_tripent
D:3:      layout_rooms, lemuel_coloured_pillars_altar, ebering_ghost_sewer_f,
          fedhas_altar_4
D:4:      layout_loops_ring, lemuel_round_altar, nicolae_overflow_hidden_temple
D:5:      layout_rooms, minmay_temple_entry_butterflies, minmay_crystal_room,
          uniq_pikel
D:6:      layout_basic, kennysheep_slug_shrine, gup_sewer_entry_bubbles,
          chei_slow_surprise
D:7:      layout_loops_cross, eat_drink_and_be_merry_uskayaw, lemuel_round_altar
D:8:      wad_woods_minihive, layout_basic, special_room [special_room_orc],
          nicolae_dithmenos_the_darkroom
D:9:      layout_loops_ring, nicolae_overflow_quartered_altars,
          david_lair_shrubbed
D:10:     layout_loops_ring, erik_orc_2, serial_shops, shop,
          gammafunk_ghost_hydra_chop, uniq_fannar
Lair:1:   layout_roguey, serial_bayou_crossing
Lair:2:   layout_regular_city, dummy_snake_entry, ebering_ghost_funeral_grove
Lair:3:   layout_hall_layers, special_room, serial_forest,
          infiniplex_forest_join, infiniplex_forest_end_1,
          infiniplex_forest_end_2, infiniplex_forest_lined_corner,
          infiniplex_forest_end_3, infiniplex_forest_straight_3,
          infiniplex_forest_clump_small, hangedman_lair_generics_rect
Lair:4:   layout_roguey, elwin_shoals_entry_stream,
          chequers_serial_rivers_micro_b
Lair:5:   layout_long_grid, minmay_slime_entry_pillars, gauntlet_entry_generic
Gauntlet: minmay_gauntlet_mixed_big_or_small [gammafunk_gauntlet_arena_teeth,
          minmay_gauntlet_arena_77_fan, gammafunk_gauntlet_arena_grid,
          minmay_gauntlet_arena_77_terracotta_army, nicolae_gauntlet_arena_x,
          minmay_gauntlet_arena_77_double_cross,
          nicolae_gauntlet_exit_dead_adventurers]

Skill      XL: |  1  2  3  4  5  6  7  8  9 10 11 12 |
---------------+-------------------------------------+-----
Maces & Flails | 4 5 7 8 10 12 14 15 16 | 16.7
Fighting       | 4 6 7 9 10 11 12 | 12.6
Armour         | 3 4 5 7 8 10 11 12 | 12.4
Dodging        | 3 |  3.2
Shields        | 3 7 |  7.6

Action                   |  1- 3 |  4- 6 |  7- 9 | 10-12 || total
-------------------------+-------+-------+-------+-------++-------
Melee: Mace              |    59 |    59 |       |       ||   118
       Headbutt          |     7 |    28 |    54 |   144 ||   233
       Morningstar       |       |    83 |   322 |   744 ||  1149
Invok: Berserk           |       |     2 |     3 |     9 ||    14
       Trog's Hand       |       |     1 |     3 |     7 ||    11
       Brothers in Arms  |       |       |       |     4 ||     4
 Abil: Evoke Blink       |       |       |       |     1 ||     1
  Use: Scroll            |       |     3 |     7 |     5 ||    15
       Potion            |       |       |       |     9 ||     9
 Stab: Distracted        |     1 |       |       |     1 ||     2
       Sleeping          |       |     1 |       |       ||     1
  Eat: Chunk             |     1 |     7 |     3 |    18 ||    29
       Ration            |       |       |     5 |     7 ||    12
Armor: Animal skin       |    11 |    13 |       |       ||    24
       Plate armour      |       |    58 |   225 |   438 ||   721
Dodge: Dodged            |    50 |   102 |   161 |   271 ||   584
Block: Shield            |       |       |       |   120 ||   120

Table legend:
 A = Non-vault XP
 B = Vault XP
 C = Vault XP percentage of total XP
 D = Non-vault monster count
 E = Vault monster count
 F = Vault count percentage of total count
                 A         B        C        D         E       F
            +---------+---------+-------+---------+---------+-------
      Total |   24113 |   10538 |  30.4 |     273 |     118 |  30.2
            +---------+---------+-------+---------+---------+-------
        D:1 |      40 |       0 |   0.0 |      19 |       0 |   0.0
        D:2 |      48 |      14 |  22.6 |      16 |       2 |  11.1
        D:3 |     117 |       0 |   0.0 |      30 |       0 |   0.0
        D:4 |     256 |       0 |   0.0 |      13 |       0 |   0.0
        D:5 |       9 |     629 |  98.6 |       4 |       1 |  20.0
        D:6 |    1126 |      53 |   4.5 |      25 |      10 |  28.6
        D:7 |    1135 |       0 |   0.0 |      21 |       0 |   0.0
        D:8 |    1495 |    2982 |  66.6 |      26 |      60 |  69.8
        D:9 |    3297 |     350 |   9.6 |      35 |       1 |   2.8
       D:10 |    3437 |    1411 |  29.1 |      21 |      20 |  48.8
     Lair:1 |    2509 |       0 |   0.0 |      16 |       0 |   0.0
     Lair:2 |    3343 |       0 |   0.0 |      18 |       0 |   0.0
     Lair:3 |    1730 |    2052 |  54.3 |       7 |       5 |  41.7
     Lair:4 |    4069 |    1178 |  22.5 |      18 |       4 |  18.2
     Lair:5 |     743 |       0 |   0.0 |       2 |       0 |   0.0
      Sewer |       0 |     112 | 100.0 |       0 |       6 | 100.0
   Gauntlet |     759 |    1757 |  69.8 |       2 |       9 |  81.8
            +---------+---------+-------+---------+---------+-------
